[Event "Titled Tuesday Blitz August 15 Early 2023"]
[White "Petre, Nad-Titus"]
[Black "Larina, Maria"]
[WhiteFideId "1204165"]
[BlackFideId "24113182"]
[WhiteElo "2576"]
[BlackElo "2123"]
[Result "1-0"]
[Round "9"]
[TimeControl "180+1"]
[Date "2023.08.15"]
[WhiteClock "0:00:30"]
[BlackClock "0:00:01"]
[Board "150"]

1. e4 c6 2. Nf3 d5 3. Nc3 Bg4 4. h3 Bxf3 5. Qxf3 e6 6. g4 d4 7. Ne2 Bc5 8. Bg2 Ne7 9. h4 Nd7 10. Qg3 Qa5 11. c3 dxc3 12. bxc3 Ba3 13. O-O Bxc1 14. Rfxc1 O-O 15. d4 Nb6 16. c4 Rad8 17. h5 h6 18. Qc7 Rd7 19. Qg3 Qd2 20. Bf1 Rfd8 21. c5 Nbc8 22. Rd1 Qc2 23. Qe3 Kh8 24. Rd2 Qa4 25. Rad1 b6 26. Nc3 Qa3 27. cxb6 axb6 28. Rd3 Qa5 29. a4 Nd6 30. R3d2 Ng8 31. e5 Ne8 32. Bg2 Rc8 33. g5 hxg5 34. Ne4 Qxa4 35. Nxg5 Nh6 36. Be4 c5 37. Bc2 Qb4 38. Qe4 Nf5 39. d5 Qxe4 40. Bxe4 Rcd8 41. dxe6 Rxd2 42. Rxd2 Rxd2 43. exf7 Rd1+ 44. Kh2 Nf6 45. f8=Q+ Ng8 46. Nf7+ Kh7 47. Bxf5+ g6 48. Bxg6# 1-0


[Site "https://www.chess.com"]

[Event "Titled Tuesday Blitz August 15 Early 2023"]
[White "Seletsky, Grigory"]
[Black "Schachpanda_Youtube"]
[WhiteFideId "14112191"]
[WhiteElo "2478"]
[BlackElo "2223"]
[Result "1-0"]
[Round "9"]
[TimeControl "180+1"]
[Date "2023.08.15"]
[WhiteClock "0:01:50"]
[BlackClock "0:00:11"]
[Board "151"]

1. e4 c6 2. d4 d5 3. Nc3 dxe4 4. Nxe4 Nf6 5. Ng3 g6 6. h3 Bg7 7. Nf3 O-O 8. Bc4 Nbd7 9. O-O a5 10. a4 Nb6 11. Bb3 Qd6 12. Re1 Rd8 13. Qe2 Nbd5 14. c4 Nb4 15. Bd2 e6 16. Bc3 Qc7 17. Rad1 Bd7 18. Ne5 Re8 19. Ne4 Nxe4 20. Qxe4 Rad8 21. Qe3 Bc8 22. Bxb4 axb4 23. c5 b6 24. Nc4 bxc5 25. dxc5 Rxd1 26. Rxd1 Rd8 27. Nd6 Ba6 28. Rd2 h5 29. g4 hxg4 30. hxg4 Qe7 31. g5 Bc8 32. f4 f6 33. Nxc8 Rxc8 34. Qxe6+ Kf8 35. Qg8# 1-0


[Site "https://www.chess.com"]

[Event "Titled Tuesday Blitz August 15 Early 2023"]
[White "Tomaszewski, Kacper"]
[Black "KSho99"]
[WhiteFideId "1127373"]
[WhiteElo "2446"]
[BlackElo "2214"]
[Result "1-0"]
[Round "9"]
[TimeControl "180+1"]
[Date "2023.08.15"]
[WhiteClock "0:00:06"]
[BlackClock "0:00:01"]
[Board "152"]

1. e4 e6 2. Nf3 d5 3. e5 c5 4. c3 Qb6 5. a3 Bd7 6. b4 c4 7. a4 Nc6 8. a5 Qc7 9. Qe2 Nge7 10. Na3 a6 11. b5 Nxa5 12. d3 Nb3 13. Rb1 axb5 14. Bb2 Ng6 15. Nc2 Nc5 16. d4 Nd3+ 17. Kd2 Ra2 18. Bc1 b4 19. Qe3 bxc3+ 20. Kd1 Rxc2 21. Bxd3 cxd3 22. Qxd3 Ba4 23. Ke1 Ra2 24. Qe3 Be7 25. h4 b5 26. h5 Nf8 27. h6 g6 28. Rh3 b4 29. Ng5 b3 30. Qxc3 Qxc3+ 31. Rxc3 Bxg5 32. Bxg5 Kd7 33. Bf6 Rg8 34. Rc5 Rc2 35. Ra1 Rxc5 36. dxc5 Bc6 37. Kd2 Kc8 38. Kc3 Nd7 39. Be7 Re8 40. Bd6 Kb7 41. Ra3 Bb5 42. Rxb3 Kc6 43. Kb4 Bf1 44. Ra3 Bxg2 45. Ra7 Be4 46. Rc7# 1-0


[Site "https://www.chess.com"]

[Event "Titled Tuesday Blitz August 15 Early 2023"]
[White "Tqebuchava, Zurab"]
[Black "favesaul"]
[WhiteFideId "13601113"]
[WhiteElo "2194"]
[BlackElo "2427"]
[Result "0-1"]
[Round "9"]
[TimeControl "180+1"]
[Date "2023.08.15"]
[WhiteClock "0:00:00"]
[BlackClock "0:00:14"]
[Board "153"]

1. e4 e6 2. d3 d5 3. Nd2 c5 4. Ngf3 Nc6 5. g3 Nf6 6. Bg2 g6 7. O-O Bg7 8. e5 Nd7 9. Re1 Ndxe5 10. Nxe5 Nxe5 11. Nf3 Nxf3+ 12. Qxf3 O-O 13. h4 h6 14. c3 Bd7 15. Bf4 Bc6 16. Qe2 Re8 17. Be5 f6 18. Bf4 e5 19. Bd2 f5 20. Bh3 d4 21. h5 Qd5 22. Kh2 g5 23. c4 Qf7 24. Bg2 g4 25. Bxc6 Qxh5+ 26. Kg2 Qh3+ 27. Kg1 bxc6 28. Qf1 Qxf1+ 29. Kxf1 a5 30. a4 Kf7 31. Ra3 Reb8 32. b3 Kg6 33. Rb1 Bf6 34. Ke2 Bg5 35. Ra2 Bxd2 36. Kxd2 Rb7 37. Kc2 Rab8 38. Rbb2 e4 39. dxe4 fxe4 40. Ra1 Rf8 41. Kd1 Rf3 42. Rab1 Rbf7 43. Ke1 e3 44. fxe3 Rxe3+ 45. Kd1 Rxg3 0-1


[Site "https://www.chess.com"]

[Event "Titled Tuesday Blitz August 15 Early 2023"]
[White "Osinovsky, Stepan"]
[Black "Tharushi, T H D Niklesha"]
[WhiteFideId "4157354"]
[BlackFideId "9918264"]
[WhiteElo "2325"]
[BlackElo "2167"]
[Result "0-1"]
[Round "9"]
[TimeControl "180+1"]
[Date "2023.08.15"]
[WhiteClock "0:00:56"]
[BlackClock "0:01:01"]
[Board "154"]

1. e4 c5 2. Nf3 d6 3. d3 Nc6 4. Nbd2 e6 5. g3 Nge7 6. Bg2 g6 7. O-O Bg7 8. Re1 O-O 9. a4 b6 10. Nc4 Bb7 11. a5 Nxa5 12. Nxa5 bxa5 13. Bd2 Nc6 14. Bc3 Qb6 15. Nd2 Ba6 16. Nb3 Bxc3 17. bxc3 Rab8 18. c4 Qc7 19. Qd2 Rb4 20. e5 Nxe5 21. Rxa5 Qb6 22. Rea1 Bxc4 23. Rxa7 Bxb3 24. cxb3 Rxb3 25. Ra8 Rb1+ 26. Bf1 Nf3+ 0-1


[Site "https://www.chess.com"]

[Event "Titled Tuesday Blitz August 15 Early 2023"]
[White "Iunusovnuriddin"]
[Black "Novikova, Margarita"]
[BlackFideId "14109689"]
[WhiteElo "2303"]
[BlackElo "2131"]
[Result "1-0"]
[Round "9"]
[TimeControl "180+1"]
[Date "2023.08.15"]
[WhiteClock "0:00:11"]
[BlackClock "0:00:00"]
[Board "155"]

1. e4 d5 2. exd5 Qxd5 3. Nc3 Qd6 4. g3 g6 5. Bg2 c6 6. Nge2 Bg7 7. O-O e5 8. d3 Bg4 9. h3 Be6 10. f4 Qd7 11. Kh2 Ne7 12. Ne4 Bd5 13. fxe5 Bxe5 14. d4 Bxe4 15. Bxe4 Bg7 16. c3 O-O 17. Bg5 Nd5 18. Qd2 Na6 19. Nf4 Nxf4 20. Bxf4 Nc7 21. Rae1 Nd5 22. Bg5 Rfe8 23. c4 Nb6 24. c5 Nc4 25. Qb4 Qxd4 26. Bg2 Nxb2 27. Qxb7 Qxc5 28. Rxe8+ Rxe8 29. Qxf7+ 1-0


[Site "https://www.chess.com"]

[Event "Titled Tuesday Blitz August 15 Early 2023"]
[White "Martin, Lewis"]
[Black "campochess"]
[WhiteFideId "410551"]
[WhiteElo "2281"]
[BlackElo "2164"]
[Result "1-0"]
[Round "9"]
[TimeControl "180+1"]
[Date "2023.08.15"]
[WhiteClock "0:00:14"]
[BlackClock "0:00:03"]
[Board "156"]

1. e4 c5 2. Nf3 Nc6 3. d4 cxd4 4. Nxd4 e5 5. Nb5 a6 6. Nd6+ Bxd6 7. Qxd6 Qe7 8. Qa3 Nf6 9. Bd3 d5 10. exd5 Nxd5 11. O-O Qxa3 12. Nxa3 O-O 13. Re1 Ndb4 14. Bf1 Bf5 15. c3 Nd5 16. Be3 Nxe3 17. Rxe3 f6 18. Nc4 Rad8 19. Ree1 Rd7 20. Ne3 Be6 21. Rad1 Rfd8 22. Rxd7 Rxd7 23. Bc4 Kf7 24. g4 Rd2 25. Re2 Rxe2 26. Bxe2 Bxa2 27. Nf5 b5 28. Bf3 Ne7 29. Nd6+ Ke6 30. Nb7 Bd5 31. Nc5+ Kd6 32. Bxd5 Kxd5 33. Nxa6 Ke4 34. Kg2 Nd5 35. Kg3 Nf4 36. Nc7 Nd3 37. b4 Nc1 38. Nxb5 g6 39. Nd6+ Kd5 40. Ne8 Ke6 41. c4 Ne2+ 42. Kg2 Nd4 43. b5 f5 44. g5 f4 45. Nf6 h5 46. h4 Kf5 47. f3 Ke6 48. Kf2 Kd6 49. Ne4+ Kc7 50. Nc3 Kb6 51. Nd5+ Kc5 52. Ne7 Kxc4 53. b6 e4 54. fxe4 Ne6 55. b7 1-0


[Site "https://www.chess.com"]

[Event "Titled Tuesday Blitz August 15 Early 2023"]
[White "Sava, Christiansen-Danut-Eugen"]
[Black "Saucey, Michel"]
[WhiteFideId "1210114"]
[BlackFideId "601845"]
[WhiteElo "2129"]
[BlackElo "2278"]
[Result "1-0"]
[Round "9"]
[TimeControl "180+1"]
[Date "2023.08.15"]
[WhiteClock "0:01:18"]
[BlackClock "0:01:13"]
[Board "157"]

1. d4 d5 2. c4 e6 3. g3 Nf6 4. Bg2 Bb4+ 5. Bd2 Bd6 6. Nf3 O-O 7. Qc2 c6 8. O-O Ne4 9. Nc3 f5 10. Ne5 Nd7 11. f4 Ndf6 12. c5 Bc7 13. Nxe4 Nxe4 14. Bxe4 dxe4 15. e3 Qd5 16. Qc4 Qxc4 17. Nxc4 Bd7 18. b4 Kf7 19. a4 a6 20. a5 Ke7 21. Nb6 Be8 22. Nxa8 1-0


[Site "https://www.chess.com"]

[Event "Titled Tuesday Blitz August 15 Early 2023"]
[White "Stangl, Anita, Dr."]
[Black "Ai, Evan"]
[WhiteFideId "4608801"]
[BlackFideId "2094770"]
[WhiteElo "2094"]
[BlackElo "2271"]
[Result "1-0"]
[Round "9"]
[TimeControl "180+1"]
[Date "2023.08.15"]
[WhiteClock "0:00:08"]
[BlackClock "0:00:07"]
[Board "158"]

1. e4 e5 2. Nf3 Nc6 3. Bc4 Nf6 4. Ng5 d5 5. exd5 Na5 6. Bb5+ c6 7. dxc6 bxc6 8. Be2 h6 9. Nf3 e4 10. Ne5 Bd6 11. f4 exf3 12. Nxf3 O-O 13. O-O Qb6+ 14. d4 Bf5 15. c4 c5 16. d5 Qc7 17. Bd2 Nb7 18. Nc3 a6 19. h3 Rfe8 20. Nh4 Bh7 21. Rxf6 gxf6 22. Bxh6 Bf4 23. Bxf4 Qxf4 24. Nf3 Nd6 25. Kh1 Nf5 26. Bd3 Ng3+ 27. Kg1 Qe3+ 28. Kh2 Bxd3 29. Kxg3 Kh8 30. Qd2 Rg8+ 31. Kh2 Qxd2 32. Nxd2 Rge8 33. b3 Re5 34. Na4 Rc8 35. Nf3 Re2 36. Rd1 Be4 37. Kg3 Rg8+ 38. Kf4 Rgxg2 39. Nc3 Bxf3 40. Nxe2 Bxe2 41. Rd2 Bf1 42. Rd1 Rf2+ 43. Kg3 Rf5 44. d6 Rg5+ 45. Kh4 Bxh3 46. Kxh3 Rg8 47. d7 Rd8 48. Kg4 Kg7 49. Kf5 a5 50. Rd6 a4 51. bxa4 Kf8 52. a5 Ke7 53. Rd5 Rxd7 54. Rxd7+ Kxd7 55. Kxf6 Kc6 56. Kxf7 Kb7 57. Ke6 Ka6 58. Kd5 Kxa5 59. Kxc5 Ka4 60. Kd6 Ka3 61. c5 Kxa2 62. c6 1-0


[Site "https://www.chess.com"]

[Event "Titled Tuesday Blitz August 15 Early 2023"]
[White "Kohler, Aran"]
[Black "Winkels, Marcel"]
[WhiteFideId "1002856"]
[BlackFideId "1003887"]
[WhiteElo "2243"]
[BlackElo "2087"]
[Result "1-0"]
[Round "9"]
[TimeControl "180+1"]
[Date "2023.08.15"]
[WhiteClock "0:00:34"]
[BlackClock "0:00:24"]
[Board "159"]

1. e4 c5 2. Nc3 e6 3. f4 a6 4. a4 d5 5. Nf3 Nf6 6. e5 Nfd7 7. d3 Nc6 8. g3 Be7 9. Bg2 O-O 10. O-O f6 11. Qe1 fxe5 12. fxe5 Qc7 13. Bf4 h6 14. Nxd5 exd5 15. e6 Qd8 16. exd7 Bxd7 17. Ne5 Nxe5 18. Bxe5 Rxf1+ 19. Qxf1 Bc6 20. d4 Qb6 21. Qf5 Be8 22. Bxd5+ Kh8 23. Rf1 Bg6 24. Qf4 Rf8 25. Qxh6+ Bh7 26. Bxg7# 1-0


[Site "https://www.chess.com"]

[Event "Titled Tuesday Blitz August 15 Early 2023"]
[White "Navyblue1"]
[Black "AndresDelgado77"]
[WhiteElo "1966"]
[BlackElo "2240"]
[Result "1-0"]
[Round "9"]
[TimeControl "180+1"]
[Date "2023.08.15"]
[WhiteClock "0:00:14"]
[BlackClock "0:00:00"]
[Board "160"]

1. d4 Nf6 2. c4 e6 3. Nc3 d5 4. cxd5 exd5 5. Bg5 Be7 6. Qc2 O-O 7. e3 Re8 8. Bd3 h6 9. Bh4 c6 10. Nge2 Nbd7 11. O-O Nf8 12. a3 a5 13. Rab1 N6d7 14. Bxe7 Qxe7 15. Ng3 g6 16. e4 dxe4 17. Ncxe4 Nf6 18. h3 Ne6 19. Qc3 Nd5 20. Qc4 f5 21. Nc3 Nb6 22. Qb3 Kg7 23. Qxb6 Qd6 24. Nge2 Rd8 25. Rbd1 f4 26. Be4 Ng5 27. f3 h5 28. Qc5 Qf6 29. Qe5 h4 30. Qxf6+ Kxf6 31. Nc1 Be6 32. Nd3 Bb3 33. Rde1 Rxd4 34. Nc5 b6 35. Nxb3 1-0


[Site "https://www.chess.com"]

[Event "Titled Tuesday Blitz August 15 Early 2023"]
[White "Rivas Garcia, Victor"]
[Black "Zepeda Berlanga, Jan Enrique"]
[WhiteFideId "2217740"]
[BlackFideId "5132355"]
[WhiteElo "2229"]
[BlackElo "1967"]
[Result "1-0"]
[Round "9"]
[TimeControl "180+1"]
[Date "2023.08.15"]
[WhiteClock "0:01:08"]
[BlackClock "0:00:00"]
[Board "161"]

1. e4 c5 2. Nc3 d6 3. f4 Nc6 4. Nf3 Nf6 5. Bb5 Bd7 6. O-O g6 7. Bxc6 Bxc6 8. d3 Bg7 9. Qe1 O-O 10. Qh4 Qd7 11. f5 gxf5 12. exf5 Qxf5 13. h3 Qh5 14. Qe1 e5 15. Qg3 Kh8 16. Ng5 h6 17. Nf3 Rae8 18. Nh4 d5 19. Rf5 Qxf5 20. Nxf5 Rg8 21. Qh4 h5 22. Nxg7 Kxg7 23. Qg5+ Kf8 24. Qxf6 Re6 25. Qf2 d4 26. Ne4 Reg6 27. Bd2 Bd7 28. Kh2 f5 29. Rf1 Ke8 30. Nxc5 Bc6 31. g3 f4 32. Bxf4 exf4 33. Qxf4 h4 34. g4 Kd8 35. Qf7 1-0


[Site "https://www.chess.com"]

[Event "Titled Tuesday Blitz August 15 Early 2023"]
[White "Hrescak, Ivana"]
[Black "Feliz Dotel, Dewar Bienvenido"]
[WhiteFideId "14613441"]
[BlackFideId "6402801"]
[WhiteElo "2258"]
[BlackElo "2185"]
[Result "1-0"]
[Round "9"]
[TimeControl "180+1"]
[Date "2023.08.15"]
[WhiteClock "0:00:58"]
[BlackClock "0:00:00"]
[Board "162"]

1. e4 e5 2. Nf3 Nc6 3. Nc3 Nf6 4. d4 exd4 5. Nxd4 Bb4 6. Nxc6 bxc6 7. Bd3 O-O 8. O-O d5 9. exd5 cxd5 10. h3 c5 11. Bg5 Bxc3 12. bxc3 c4 13. Be2 Be6 14. Bf3 h6 15. Bh4 Rb8 16. Qd4 Rb6 17. Rfb1 Ra6 18. Rb5 Qe8 19. Bxf6 Qxb5 20. Bxg7 Re8 21. Bxh6 f6 22. Qxf6 Qd7 23. Qg6+ Kh8 24. Bg7+ Qxg7 25. Qxe8+ Kh7 26. Qh5+ Kg8 27. Bxd5 Bxd5 28. Qxd5+ Qf7 29. Qxf7+ Kxf7 30. a4 Kf6 31. a5 Ke5 32. Ra4 Kd5 33. h4 Kc5 34. h5 Kb5 35. Rb4+ Kc5 36. g4 Rxa5 37. h6 Ra6 38. g5 Rg6 39. f4 1-0


[Site "https://www.chess.com"]

[Event "Titled Tuesday Blitz August 15 Early 2023"]
[White "Mirzanurov, Bulat"]
[Black "Osiecki, Stanislaw"]
[WhiteFideId "4184521"]
[BlackFideId "1102990"]
[WhiteElo "2199"]
[BlackElo "2040"]
[Result "1/2-1/2"]
[Round "9"]
[TimeControl "180+1"]
[Date "2023.08.15"]
[WhiteClock "0:00:22"]
[BlackClock "0:00:39"]
[Board "163"]

1. e4 e6 2. d4 d5 3. Nc3 Bb4 4. e5 c5 5. a3 Bxc3+ 6. bxc3 Qc7 7. Qg4 f5 8. Qg3 cxd4 9. cxd4 Ne7 10. c3 O-O 11. Bd2 b6 12. Ne2 Ba6 13. Nf4 Qd7 14. Bd3 Bxd3 15. Qxd3 Nbc6 16. O-O Na5 17. h4 Nb3 18. Rab1 Nxd2 19. Qxd2 Rfc8 20. Rfc1 Rc4 21. Rb4 Rac8 22. Nd3 a5 23. Rxc4 Rxc4 24. Nb2 Rc8 25. c4 dxc4 26. Rxc4 Nd5 27. Qc2 Rxc4 28. Qxc4 b5 29. Qc5 h6 30. a4 bxa4 31. Qxa5 Nf4 32. Qxa4 Ne2+ 33. Kf1 Qxa4 34. Nxa4 Nxd4 35. Nc5 Kf7 36. f4 g6 37. Kf2 h5 38. Ke3 Nc2+ 39. Kd2 Nb4 40. Nb7 Nd5 41. g3 Ke7 42. Nc5 Nb4 43. Kc3 Nd5+ 44. Kd2 Nb4 45. Kc3 Nd5+ 46. Kd2 1/2-1/2


[Site "https://www.chess.com"]

[Event "Titled Tuesday Blitz August 15 Early 2023"]
[White "Grigoryan, Meri"]
[Black "Haszon, David"]
[WhiteFideId "13300571"]
[BlackFideId "733610"]
[WhiteElo "2116"]
[BlackElo "2461"]
[Result "0-1"]
[Round "9"]
[TimeControl "180+1"]
[Date "2023.08.15"]
[WhiteClock "0:00:21"]
[BlackClock "0:00:14"]
[Board "164"]

1. d4 Nf6 2. Nf3 b6 3. g3 Bb7 4. Bg2 e6 5. O-O Be7 6. c3 O-O 7. Bg5 d6 8. Nbd2 Nbd7 9. Re1 Ne4 10. Bxe7 Qxe7 11. Nxe4 Bxe4 12. Nd2 Bxg2 13. Kxg2 c5 14. Nf3 d5 15. e4 dxe4 16. Rxe4 Rfd8 17. Qe1 Nf6 18. Re2 Rd5 19. dxc5 Qxc5 20. Rd1 Rad8 21. Red2 h6 22. Nd4 Kf8 23. Nf3 Qc4 24. Rxd5 Rxd5 25. Rxd5 Qxd5 26. b3 Qc6 27. c4 Ne4 28. Qb4+ Nc5 29. Qd2 Ke7 30. Qf4 Nd3 31. Qh4+ g5 32. Qd4 Ne1+ 33. Kf1 Nxf3 34. Qg7 Nxh2+ 35. Ke2 Qe4+ 36. Kd2 Nf3+ 37. Kc3 Qe1+ 38. Kd3 Qd2+ 39. Ke4 Qe2# 0-1


[Site "https://www.chess.com"]

[Event "Titled Tuesday Blitz August 15 Early 2023"]
[White "Pein, Jonathan"]
[Black "Politov, Pavel Y."]
[WhiteFideId "417092"]
[BlackFideId "24110515"]
[WhiteElo "2422"]
[BlackElo "2081"]
[Result "1-0"]
[Round "9"]
[TimeControl "180+1"]
[Date "2023.08.15"]
[WhiteClock "0:00:33"]
[BlackClock "0:00:09"]
[Board "165"]

1. e4 c5 2. Nf3 d6 3. d4 cxd4 4. Nxd4 Nf6 5. Bb5+ Nbd7 6. Nc3 a6 7. Be2 e6 8. O-O Be7 9. f4 O-O 10. Bf3 Qb6 11. Kh1 e5 12. Nf5 Re8 13. fxe5 Nxe5 14. Nxe7+ Rxe7 15. Bg5 Be6 16. Bxf6 gxf6 17. Qd2 Kg7 18. Be2 Rg8 19. Qf4 Kf8 20. Qxf6 Bg4 21. Nd5 Qd8 22. Qh6+ Rg7 23. Bxg4 Nxg4 24. Qf4 Re5 25. h3 Rh5 26. Kg1 Ne5 27. Qf2 Rxh3 28. Nf4 Qh4 29. Qxh4 Rxh4 30. Ne6+ Kg8 31. Nxg7 Kxg7 32. Rad1 Rxe4 33. Rxd6 Re2 34. Rd5 f6 35. Rc5 Ng4 36. Rc7+ Kg6 37. Rxb7 Ne3 38. Rf3 Rxg2+ 39. Kh1 Re2 40. Rg3+ Kh6 41. Rb4 Re1+ 42. Rg1 Re2 43. Rh4# 1-0


[Site "https://www.chess.com"]

[Event "Titled Tuesday Blitz August 15 Early 2023"]
[White "rikchessmx"]
[Black "Maluco_do_Natal_00"]
[WhiteElo "2325"]
[BlackElo "2059"]
[Result "0-1"]
[Round "9"]
[TimeControl "180+1"]
[Date "2023.08.15"]
[WhiteClock "0:00:00"]
[BlackClock "0:00:37"]
[Board "166"]

1. e4 c5 2. Nf3 Nc6 3. d4 cxd4 4. Nxd4 Nf6 5. Nc3 e5 6. Ndb5 d6 7. a4 a6 8. Na3 Be6 9. Be2 Rc8 10. O-O Nd4 11. Bd3 Be7 12. Be3 Nc6 13. Nc4 Nd7 14. a5 Bxc4 15. Bxc4 Nxa5 16. Bxf7+ Kxf7 17. Qd5+ Ke8 18. Rxa5 Nf6 19. Qa2 Qc7 20. Rd1 Qc4 21. Qa1 Kf7 22. Ra4 Qe6 23. Rb4 Rc7 24. Bb6 Rd7 25. Be3 Rc8 26. Bg5 h6 27. Bxf6 Bxf6 28. Qa4 Rxc3 29. bxc3 Kg6 30. Qb3 Qe7 31. c4 Bg5 32. Rb6 Qe6 33. c5 Qxb3 34. cxb3 Be7 35. cxd6 Bd8 36. Rb4 b6 37. Rc4 Kf6 38. Kf1 Ke6 39. Rc6 g5 40. Ke2 a5 0-1


[Site "https://www.chess.com"]

[Event "Titled Tuesday Blitz August 15 Early 2023"]
[White "Gyulamiryan-koryun"]
[Black "Dilmukhametov, Artur"]
[BlackFideId "24179922"]
[WhiteElo "2015"]
[BlackElo "2213"]
[Result "1-0"]
[Round "9"]
[TimeControl "180+1"]
[Date "2023.08.15"]
[WhiteClock "0:00:38"]
[BlackClock "0:00:01"]
[Board "167"]

1. c4 Nf6 2. Nc3 g6 3. g3 d6 4. Bg2 Bg7 5. e4 e5 6. Nf3 Nc6 7. d4 O-O 8. O-O Bg4 9. d5 Nd4 10. Be3 Nxf3+ 11. Bxf3 Bxf3 12. Qxf3 Ne8 13. Qe2 f5 14. exf5 gxf5 15. f4 e4 16. Rad1 Nf6 17. Bd4 Qe8 18. h3 Qg6 19. Kh2 h5 20. Rg1 Kf7 21. Nb5 Rac8 22. Nxa7 Ra8 23. Nb5 Rac8 24. b3 Rh8 25. Bxf6 Bxf6 26. h4 Rhg8 27. Nd4 Bxd4 28. Rxd4 Qf6 29. Qxh5+ Rg6 30. Qh7+ Rg7 31. Qh5+ Rg6 32. Rd2 Rg8 33. Rdg2 e3 34. Qf3 Qd4 35. Re2 Re8 36. Rge1 Qg7 37. Rxe3 Rxe3 38. Qxe3 Qb2+ 39. Re2 Qf6 40. Qe8+ Kg7 41. Re7+ Kh6 42. Qd7 Qb2+ 43. Kh3 Rxg3+ 44. Kxg3 Qc3+ 45. Kf2 Qd2+ 46. Re2 Qxf4+ 47. Kg1 Qg3+ 48. Kf1 Qf3+ 49. Rf2 Qd1+ 50. Kg2 Qg4+ 51. Kh1 Qxh4+ 52. Rh2 1-0


[Site "https://www.chess.com"]

[Event "Titled Tuesday Blitz August 15 Early 2023"]
[White "White, John S."]
[Black "Mesa Cruz, Juan Carlos"]
[WhiteFideId "2502348"]
[BlackFideId "6423400"]
[WhiteElo "1996"]
[BlackElo "2407"]
[Result "0-1"]
[Round "9"]
[TimeControl "180+1"]
[Date "2023.08.15"]
[WhiteClock "0:00:33"]
[BlackClock "0:01:17"]
[Board "169"]

1. e4 c5 2. Nf3 d6 3. d4 cxd4 4. Nxd4 Nf6 5. Nc3 a6 6. Bg5 e6 7. f4 Be7 8. Qf3 Qc7 9. O-O-O Nbd7 10. Bd3 b5 11. e5 dxe5 12. fxe5 Bb7 13. Ne4 Nxe5 14. Qg3 Nxd3+ 15. Rxd3 Qxg3 16. Nxf6+ gxf6 17. hxg3 fxg5 18. Nf3 Rd8 19. Rhd1 Rxd3 20. Rxd3 Bxf3 21. gxf3 h5 22. a4 h4 23. gxh4 gxh4 24. axb5 axb5 25. Rd1 h3 26. Rh1 h2 27. Kd2 Bd6 28. Kd3 Rg8 29. Ke3 Rg1 30. Rxh2 Bxh2 31. f4 Bxf4+ 0-1


[Site "https://www.chess.com"]

[Event "Titled Tuesday Blitz August 15 Early 2023"]
[White "Cheer_Down"]
[Black "Cardenas Carbajal, Nilson"]
[BlackFideId "8401128"]
[WhiteElo "2326"]
[BlackElo "2133"]
[Result "1-0"]
[Round "9"]
[TimeControl "180+1"]
[Date "2023.08.15"]
[WhiteClock "0:02:17"]
[BlackClock "0:00:00"]
[Board "170"]

1. e4 d5 2. exd5 c6 3. c4 cxd5 4. d4 Nf6 5. Nc3 e6 6. Nf3 Bb4 7. cxd5 Nxd5 8. Qc2 O-O 9. Bd3 Nc6 10. Bxh7+ Kh8 11. O-O f5 12. Bg6 Qf6 13. Bh5 Bxc3 14. bxc3 g6 15. c4 Ndb4 16. Qb3 gxh5 17. d5 exd5 18. cxd5 Qxa1 19. Bb2+ Qxb2 20. Qxb2+ Kh7 21. dxc6 Nxc6 22. Rd1 1-0


[Site "https://www.chess.com"]

[Event "Titled Tuesday Blitz August 15 Early 2023"]
[White "Aronian, Levon"]
[Black "Fedoseev, Vladimir"]
[WhiteFideId "13300474"]
[BlackFideId "24130737"]
[WhiteElo "3062"]
[BlackElo "3121"]
[Result "1/2-1/2"]
[Round "10"]
[TimeControl "180+1"]
[Date "2023.08.15"]
[WhiteClock "0:00:07"]
[BlackClock "0:00:10"]
[Board "1"]

1. e4 c5 2. Nf3 e6 3. d4 cxd4 4. Nxd4 a6 5. c4 Nf6 6. Nc3 Bb4 7. Qd3 d5 8. exd5 exd5 9. Be2 O-O 10. O-O Nc6 11. Nxc6 bxc6 12. Bg5 Bxc3 13. bxc3 Be6 14. c5 h6 15. Be3 Re8 16. Rfe1 Qd7 17. Bd4 Bf5 18. Qg3 Re6 19. f3 a5 20. Bf1 Rae8 21. Rxe6 Rxe6 22. a4 Qb7 23. Re1 Kh7 24. Rxe6 fxe6 25. Qe1 Qb1 26. Qxb1 Bxb1 27. c4 Bc2 28. Bc3 Nd7 29. cxd5 exd5 30. Bxa5 Nxc5 31. Kf2 Bxa4 32. Bb6 Ne6 33. Bd3+ Kg8 34. Bf5 Kf7 35. Bxe6+ Kxe6 36. Bc5 Ke5 37. Ke3 g6 38. g3 h5 39. h4 Bd1 40. f4+ Kf5 41. Bd4 Kg4 42. Kf2 Bf3 43. Bc5 Be4 44. Bd4 Bf5 45. Bc5 Bc8 46. Bd4 Ba6 47. Bc5 Bb5 48. Bd4 Kf5 49. Ke3 Ke6 50. Bc5 Bf1 51. Kd4 Bh3 52. Ke3 Kd7 53. Kd4 Bf5 54. Kc3 Ke6 55. Kd4 Be4 56. Ke3 Kf5 57. Bd4 Bb1 58. Bc5 Kg4 59. Kf2 Kf5 60. Ke3 Kg4 61. Kf2 Kf5 62. Ke3 1/2-1/2


[Site "https://www.chess.com"]

[Event "Titled Tuesday Blitz August 15 Early 2023"]
[White "Firouzja, Alireza"]
[Black "Bortnyk, Olexandr"]
[WhiteFideId "12573981"]
[BlackFideId "14120828"]
[WhiteElo "3107"]
[BlackElo "3104"]
[Result "1-0"]
[Round "10"]
[TimeControl "180+1"]
[Date "2023.08.15"]
[WhiteClock "0:00:05"]
[BlackClock "0:00:00"]
[Board "2"]

1. e4 Nf6 2. e5 Nd5 3. d4 d6 4. c4 Nb6 5. exd6 exd6 6. h3 Be7 7. Nf3 Bf5 8. Bd3 Bxd3 9. Qxd3 O-O 10. O-O Nc6 11. Nc3 Re8 12. b3 Bf6 13. Bf4 a5 14. Ne4 Nb4 15. Qb1 d5 16. Nxf6+ Qxf6 17. Bxc7 dxc4 18. Bxb6 Qxb6 19. bxc4 Qa6 20. a3 Nc6 21. Qd3 Rac8 22. Rfe1 Ne7 23. d5 Ng6 24. d6 Rxe1+ 25. Rxe1 Rd8 26. d7 Qc6 27. Qf5 f6 28. Qxa5 Qxd7 29. Rb1 Nf4 30. Rxb7 Ne2+ 31. Kh2 Qd6+ 32. g3 Rc8 33. Qa7 Qf8 34. Qe3 Re8 35. Qd3 Qc5 36. Kg2 Qc6 37. Rd7 1-0


[Site "https://www.chess.com"]

[Event "Titled Tuesday Blitz August 15 Early 2023"]
[White "Nihal Sarin"]
[Black "Andreikin, Dmitry"]
[WhiteFideId "25092340"]
[BlackFideId "4158814"]
[WhiteElo "3151"]
[BlackElo "3010"]
[Result "1-0"]
[Round "10"]
[TimeControl "180+1"]
[Date "2023.08.15"]
[WhiteClock "0:00:07"]
[BlackClock "0:00:00"]
[Board "3"]

1. e4 c5 2. Nf3 e6 3. g3 Nc6 4. Bg2 Nge7 5. O-O g6 6. c3 d5 7. exd5 exd5 8. d4 cxd4 9. Nxd4 Bg7 10. Be3 O-O 11. Na3 h5 12. h4 Bg4 13. Qd2 Qd7 14. Rfe1 Rfe8 15. Nac2 Ne5 16. b3 Rac8 17. Bh6 Bh8 18. Bg5 N7c6 19. Re3 Nxd4 20. Nxd4 Nc6 21. Rxe8+ Rxe8 22. Be3 a6 23. Nc2 Qf5 24. Rc1 Bf3 25. Bxf3 Qxf3 26. Ne1 Qe4 27. Rd1 Bxc3 28. Qxc3 d4 29. Bxd4 Nxd4 30. Rxd4 Qxe1+ 31. Qxe1 Rxe1+ 32. Kg2 Kf8 33. a4 Re5 34. Kf3 Rc5 35. Ke4 Ke7 36. Kd3 Ke6 37. Rb4 b5 38. axb5 axb5 39. Re4+ Kd6 40. Rd4+ Ke6 41. Re4+ Kd6 42. Re8 Rf5 43. f4 Rd5+ 44. Kc3 Rc5+ 45. Kb4 Rc1 46. Re3 Rc5 47. Rd3+ Kc6 48. Rd8 Rf5 49. Rc8+ Kb6 50. Rc3 Rd5 51. Re3 Rd4+ 52. Kc3 Rd7 53. f5 Kc5 54. fxg6 fxg6 55. b4+ Kc6 56. Re6+ Kd5 57. Rxg6 Re7 58. Kd3 Ra7 59. Rg5+ Kc6 60. Kd4 Rd7+ 61. Ke4 Re7+ 62. Kf4 Rd7 63. Rxh5 Rd4+ 64. Kf3 Rxb4 65. Re5 Rb1 66. h5 b4 67. Kg2 b3 68. Re2 Rc1 69. h6 Rc2 70. Kf3 Rxe2 71. Kxe2 b2 72. h7 b1=Q 73. h8=Q Qe4+ 74. Kf2 Qf5+ 75. Kg1 Qb1+ 76. Kh2 Qc2+ 77. Kh3 Qf5+ 78. Kh4 Qe4+ 79. Kg5 Qe5+ 80. Qxe5 1-0


[Site "https://www.chess.com"]